 Dungeon Crawl Stone Soup version 0.30-b1-2-g02819fbbbe (webtiles) character file.

Game seed: 3356798546078806767

73 nightchill the Chiller (level 4, -2/33 HPs)
             Began as a Merfolk Ice Elementalist on Oct 10, 2023.
             Slain by an orc
             ... wielding a +0 flail
              (7 damage)
             ... on level 2 of the Dungeon on Oct 11, 2023.
             The game lasted 00:05:24 (1496 turns).

nightchill the Chiller (Merfolk Ice Elementalist)   Turns: 1496, Time: 00:05:24

Health: -2/33      AC:  9    Str:  8    XL:     4   Next: 27%
Magic:  1/7        EV: 12    Int: 16    God:
Gold:   69         SH:  0    Dex: 14    Spells: 4/8 levels left

rFire   . . .        j - +2 dagger (pain)
rCold   . . .        (no shield)
rNeg    . . .        a - +0 robe
rPois   .            (no helmet)
rElec   .            m - +0 cloak
rCorr   .            p - +0 pair of gloves
SInv    .            d - +0 pair of boots
Will    .....        (no amulet)
Stlth   ++           o - +4 ring of protection
HPRegen 0.25/turn    (no ring)
MPRegen 0.10/turn

%: no passive effects
@: freezing walls
A: (nimble swimmer 2), mertail
a: no special abilities


You were on level 2 of the Dungeon.
You visited 1 branch of the dungeon, and saw 2 of its levels.

You collected 69 gold pieces.

Inventory:

Hand Weapons
 j - a +2 dagger of pain (weapon)
 q - a +0 spear
Armour
 a - a +0 robe (worn)
 d - a +0 pair of boots (worn)
 m - a +0 cloak (worn)
 p - a +0 pair of gloves (worn)
Jewellery
 o - a +4 ring of protection (left hand)
Scrolls
 c - a scroll of teleportation {unknown}
 e - 2 scrolls of identify {unknown}
 g - a scroll of enchant weapon {unknown}
 k - a scroll of amnesia {unknown}
 l - a scroll of poison {unknown}
 n - a scroll of blinking {unknown}
Potions
 b - a potion of magic
 f - a potion of heal wounds {unknown}
 h - a potion of ambrosia {unknown}
 i - a potion of mutation {unknown}


   Skills:
 + Level 1.7 Fighting
 * Level 0.0 Polearms
 - Level 2.6 Dodging
 - Level 2.4 Stealth
 + Level 2.6 Spellcasting
 * Level 5.3 Ice Magic


You had 4 spell levels left.
You knew the following spells:

 Your Spells              Type           Power      Damage    Failure   Level
a - Freeze                Ice            76%        1d8       2%          1
b - Frozen Ramparts       Ice            38%        1d6       7%          3

Your spell library contained the following spells:

 Spells                   Type           Power      Damage    Failure   Level
 Ozocubu's Armour         Ice            19%        N/A       7%          3
 Apportation              Tloc           4%         N/A       21%         1
 Necrotise                Necr           8%         1d4       21%         1
 Summon Small Mammal      Summ           8%         N/A       21%         1
 Summon Ice Beast         Ice/Summ       10%        N/A       54%         4


Dungeon Overview and Level Annotations

Branches:
Dungeon (2/15)

Altars:


Innate Abilities, Weirdness & Mutations

((You are very nimble when in or above water. (Stealth+, EV+, Speed+++)))
Your lower body shifts to a powerful aquatic tail in water.


Message History

The wall freezes the orc priest but does no damage.
The orc priest barely misses you.
The wall freezes the orc.
The orc closely misses you.
You barely miss the orc.
The orc is severely wounded.
You feel sick. The orc hits you but does no damage.
The wall freezes the orc.
You kill the orc!
The wall freezes the orc priest.
The orc priest hits you but does no damage.
You closely miss the orc.
You feel sick. The orc completely misses you.
The wall freezes the orc priest but does no damage.
The orc priest hits you from afar with a +0 trident.
* * * LOW HITPOINT WARNING * * *
You hit the orc but do no damage.
You feel sick. The orc barely misses you.
The wall freezes the orc priest but does no damage.
The orc priest closely misses you.
You hit the orc but do no damage.
The frozen ramparts melt away.
You feel sick. The orc misses you.
The orc priest hits you but does no damage.
Casting: Frozen Ramparts (quite dangerous; 7% risk of failure)
Confirm with . or Enter, or press ? or * to list all spells.
The spell is quite dangerous to miscast (7% risk of failure)!
Continue anyway?
Casting: Frozen Ramparts (quite dangerous; 7% risk of failure)
Press: ? - help, Dir - look around, f - activate The walls around you are covered in ice.
You feel sick.
You are no longer poisoned.
The orc barely misses you.
The wall freezes the orc priest.
The orc priest calls down the wrath of Beogh upon you.
Pain shoots through your body!
* * * LOW HITPOINT WARNING * * *
Casting: Frozen Ramparts (quite dangerous; 7% risk of failure)
Confirm with . or Enter, or press ? or * to list all spells.
Aiming: Freeze (safe; 2% risk of failure)
Press: ? - help, Shift-Dir - straight line, f - orc
Aim: an orc, wielding a +0 flail, wearing a +0 plate armour and quivering poisoned darts You freeze the orc.
The orc is heavily wounded.
The orc hits you with a +0 flail!
You die...

......####............###
......# #............##
....... #................
..... #...#.......#.#.#
.....###...#.......#.#.#
...........#.......#.#.#
##..........##..†.#.#.#
#..........'.......#.#
#..........#@o....##.######
###..........#)..............
.........##o##o......#.......
.........##..........#.......
<........##..................
###......##...####'#........#
.......###...####.#.#.#.....
........##o........#.#...#...
........##.........#.########


You could see an orc priest and an orc.

Vanquished Creatures
  Jessica (D:2)
  Natasha (D:2)
  An orc (D:2)
  3 endoplasms
  2 hobgoblins (D:1)
  2 jackals (D:2)
  A quokka (D:1)
  2 ball pythons (D:1)
  2 bats (D:1)
  3 frilled lizards
  2 goblins (D:2)
  A kobold (D:2)
  2 rats (D:1)
23 creatures vanquished.

Notes
Turn   | Place    | Note
-------+----------+-------------------------------------------
     0 | D:1      | nightchill the Merfolk Ice Elementalist began the quest for
                  | the Orb.
     0 | D:1      | Reached XP level 1. HP: 13/13 MP: 3/3
   552 | D:1      | Reached XP level 2. HP: 17/20 MP: 3/5
   746 | D:1      | Found a faded altar of an unknown god.
  1004 | D:2      | Noticed Natasha
  1009 | D:2      | Killed Natasha
  1010 | D:2      | Reached skill level 1 in Fighting
  1010 | D:2      | Reached skill level 5 in Ice Magic
  1010 | D:2      | Reached XP level 3. HP: 7/26 MP: 1/6
  1090 | D:2      | Learned a level 3 spell: Frozen Ramparts
  1303 | D:2      | Noticed Jessica
  1311 | D:2      | Killed Jessica
  1312 | D:2      | Reached XP level 4. HP: 33/33 MP: 4/7
  1496 | D:2      | Slain by an orc

Illustrated notes

Levels and vault maps discovered:
D:1:      roderic_octagonal_star, layout_loops_ring,
          shapermc_ecumenical_altar_pompeii
D:2:      layout_basic, serial_shops, shop, uniq_jessica, uniq_natasha

Skill      XL: |  1  2 |
---------------+-------+-----
Fighting       | 1 |  1.7
Ice Magic      | 5 |  5.3
Dodging        | |  2.6
Stealth        | |  2.4
Spellcasting   | |  2.6

Action                     |  1- 3 |  4- 6 || total
---------------------------+-------+-------++-------
  Melee: Unarmed           |     7 |       ||     7
         Dagger            |       |     5 ||     5
   Cast: Freeze            |    26 |     4 ||    30
         Frozen Ramparts   |     3 |     2 ||     5
   Stab: Sleeping          |     1 |       ||     1
 Armour: Robe              |     4 |     4 ||     8
  Dodge: Dodged            |    16 |    10 ||    26
